 Dungeon Crawl Stone Soup version 0.23.2-33-g5129a83184 (webtiles) character file.

Game seed: 18135089647683474044

689888 Turist the Acrobat (level 27, -2/159 HPs)
             Began as a Spriggan Enchanter on June 28, 2019.
             Was an Initiate of Gozag.
             Slain by a death scarab (13 damage)
             ... on level 2 of the Tomb of the Ancients on July 3, 2019.
             The game lasted 16:26:19 (148344 turns).

Turist the Acrobat (Spriggan Enchanter)           Turns: 148344, Time: 16:26:22

Health: -2/159     AC: 16    Str:  6    XL:     27
Magic:  0/46       EV: 43    Int: 29    God:    Gozag
Gold:   3794       SH: 14    Dex: 25    Spells: 0/63 levels left

rFire    + . .     SeeInvis +   T - +10 rapier of Tuesadd {freeze, Str+3 Int+3}
rCold    + . .     Gourm    .   j - +2 buckler {rPois}
rNeg     + + +     Faith    .   Q - +2 robe {rF+}
rPois    ∞         Spirit   +   m - +2 hat of the Bear Spirit {Spirit, +Rage rN+ MR++}
rElec    .         Reflect  +   C - scarf {repulsion}
rCorr    .         Harm     .   (gloves unavailable)
MR       +++++                  (boots unavailable)
Stlth    +++++++++.             A - +3 amulet of reflection
HPRegen  0.36/turn              z - ring "Urham" {rN+ MR+ Int+6}
MPRegen  0.30/turn              F - ring of wizardry

@: lich-form, marked, very slightly contaminated, slowed, repel missiles, quick
A: very small, unfitting armour, iridescent scales 1, thin metallic scales 1,
see invisible, herbivore, speed 3, slow metabolism 2, weak 1, MP-powered wands
}: 4/15 runes: serpentine, barnacled, slimy, silver
a: End Transformation, Potion Petition, Call Merchant, Bribe Branch, Renounce
Religion, Evoke Berserk Rage


You were on level 2 of the Tomb of the Ancients.
You worshipped Gozag.
Gozag was most pleased with you.
You were not hungry.
You were a lich.
You visited 15 branches of the dungeon, and saw 69 of its levels.
You visited 1 bazaar.
You also visited: Wizlab.

You collected 36853 gold pieces.
You spent 10216 gold pieces at shops.
You paid 22843 gold pieces to Gozag.

Inventory:

Hand Weapons
 a - a +9 rapier of electrocution
 M - the +7 rapier "Spriggan's Bane" {pierce, rC+}
   (You took it off a deep elf annihilator on level 3 of the Elven Halls)

   It inflicts extra damage upon your enemies.
   It protects you from cold.
 T - the +10 rapier of Tuesadd (weapon) {freeze, Str+3 Int+3}
   (You found it on level 5 of the Pits of Slime)

   It has been specially enchanted to freeze those struck by it, causing extra
   injury to most foes and up to half again as much damage against particularly
   susceptible opponents.
   It can also slow down cold-blooded creatures.
   It affects your strength (+3).
   It affects your intelligence (+3).
Armour
 b - the +4 robe "Aloc Mepn" {Str+4 Int+6}
   (You acquired it on level 2 of the Snake Pit)

   It affects your strength (+4).
   It affects your intelligence (+6).
 j - a +2 buckler of poison resistance (worn)
 m - the +2 hat of the Bear Spirit (worn) {Spirit, +Rage rN+ MR++}
   (You found it on level 5 of the Vaults)

   It protects you from negative energy.
   It affects your resistance to hostile enchantments.
   It lets you go berserk.
 C - a scarf of repulsion (worn)
 K - the +5 acid dragon scales "Aguleigg" {rCorr Str+2}
   (You acquired it on level 1 of the Tomb of the Ancients)

   It affects your strength (+2).
   It provides partial protection from all sources of acid and corrosion.
 Q - a +2 robe of fire resistance (worn)
Jewellery
 c - an uncursed ring of protection from magic
 k - the ring "Byit" {*Drain rPois AC+4 Slay+6}
   (You took it off a vault warden on level 5 of the Vaults)

   [ring of protection]

   It affects your AC (+4).
   It affects your accuracy and damage with ranged weapons and melee attacks
   (+6).
   It protects you from poison.
   It causes draining when unequipped.
 l - an uncursed ring of protection from fire
 z - the ring "Urham" (left hand) {rN+ MR+ Int+6}
   (You bought it in a shop on level 2 of the Orcish Mines)

   [ring of positive energy]

   It affects your intelligence (+6).
   It protects you from negative energy.
   It affects your resistance to hostile enchantments.
 A - a +3 amulet of reflection (around neck)
 F - a ring of wizardry (right hand)
 H - the amulet "Teekeve" {Harm *Drain rF+}
   (You found it on level 3 of the Tomb of the Ancients)

   [amulet of harm]

   It increases damage dealt and taken.
   It protects you from fire.
   It causes draining when unequipped.
 N - the ring "Xoejod" {*Tele rElec SInv}
   (You took it off a deep elf sorcerer on level 3 of the Elven Halls)

   [ring of teleportation]

   It may teleport you next to monsters.
   It insulates you from electricity.
   It lets you see invisible.
 S - an uncursed ring of resist corrosion
Wands
 g - a wand of scattershot (16)
 i - a wand of paralysis (8)
 y - a wand of digging (2)
 D - a wand of acid (18)
 I - a wand of iceblast (25)
 R - a wand of clouds (12)
Scrolls
 e - 2 scrolls of amnesia
 f - 2 scrolls of silence
 o - 27 scrolls of remove curse
 p - 11 scrolls of enchant armour
 r - 12 scrolls of identify
 s - 4 scrolls of enchant weapon
 t - 22 scrolls of teleportation
 x - 3 scrolls of brand weapon
 U - a scroll of fog
 X - 15 scrolls of fear
Potions
 h - 2 potions of cancellation
 n - 11 potions of lignification
 q - 18 potions of curing
 u - 10 potions of brilliance
 v - a potion of mutation
 w - 15 potions of flight
 B - 2 potions of haste
 E - 2 potions of ambrosia
 G - a potion of berserk rage
 Y - 4 potions of might
 Z - a potion of heal wounds
Comestibles
 d - 12 rations


   Skills:
 - Level 21.2 Fighting
 - Level 14.0 Short Blades
   Level 11.2 Slings
   Level 0.8 Bows
 - Level 26.0 Dodging
 - Level 24.1 Stealth
 - Level 7.2 Shields
 - Level 18.9 Spellcasting
 - Level 19.0 Hexes
 - Level 11.9 Summonings
 + Level 12.0 Necromancy
 - Level 16.5 Translocations
 + Level 15.3 Transmutations


You couldn't memorise any spells.
You knew the following spells:

 Your Spells              Type           Power        Failure   Level  Hunger
a - Summon Butterflies    Summ           #######.     0%          1    N/A
b - Death Channel         Necr           #######...   1%          6    N/A
c - Confuse               Hex            #######.     0%          3    N/A
d - Malign Gateway        Summ/Tloc      #######...   1%          7    N/A
e - Blink                 Tloc           N/A          0%          2    N/A
f - Necromutation         Tmut/Necr      ########..   14%         8    N/A
g - Apportation           Tloc           ######       0%          1    N/A
h - Controlled Blink      Tloc           N/A          4%          8    N/A
i - Invisibility          Hex            #######.     1%          6    N/A
j - Regeneration          Chrm/Necr      #######...   1%          3    N/A
k - Alistair's Intoxicat  Tmut/Pois      ######..     1%          5    N/A
m - Discord               Hex            #######...   1%          8    N/A
n - Silence               Hex/Air        ######....   1%          5    N/A

Your spell library contained the following spells:

 Spells                   Type           Power        Failure   Level  Hunger
 Animate Skeleton         Necr           N/A          0%          1    N/A
 Beastly Appendage        Tmut           ######       0%          1    N/A
 Confusing Touch          Hex            ######       0%          1    N/A
 Corona                   Hex            #######      0%          1    N/A
 Pain                     Necr           ####         0%          1    N/A
 Summon Small Mammal      Summ           ####         0%          1    N/A
 Call Imp                 Summ           #######.     0%          2    N/A
 Corpse Rot               Necr           N/A          0%          2    N/A
 Slow                     Hex            #######.     0%          2    N/A
 Sticks to Snakes         Tmut           #######.     0%          2    N/A
 Sublimation of Blood     Necr           #######...   0%          2    N/A
 Gell's Gravitas          Tloc           #######...   0%          3    N/A
 Lesser Beckoning         Tloc           #######...   0%          3    N/A
 Portal Projectile        Hex/Tloc       ######       0%          3    N/A
 Recall                   Summ/Tloc      N/A          0%          3    N/A
 Tukima's Dance           Hex            #######.     0%          3    N/A
 Cause Fear               Hex            #######...   0%          4    N/A
 Flame Tongue             Conj/Fire      ####.        1%          1    N/A
 Freeze                   Ice            ####         1%          1    N/A
 Magic Dart               Conj           ####         1%          1    N/A
 Shock                    Conj/Air       ####         1%          1    N/A
 Ensorcelled Hibernation  Hex/Ice        ######       1%          2    N/A
 Poisonous Vapours        Pois/Air       ####..       1%          2    N/A
 Searing Ray              Conj           ####..       1%          2    N/A
 Swiftness                Chrm/Air       ####....     1%          2    N/A
 Throw Flame              Conj/Fire      ####..       1%          2    N/A
 Throw Frost              Conj/Ice       ####..       1%          2    N/A
 Call Canine Familiar     Summ           #######.     1%          3    N/A
 Conjure Flame            Conj/Fire      ####....     1%          3    N/A
 Dazzling Spray           Conj/Hex       ######       1%          3    N/A
 Ignite Poison            Fire/Tmut/Pois ######..     1%          3    N/A
 Inner Flame              Hex/Fire       ######..     1%          3    N/A
 Mephitic Cloud           Conj/Pois/Air  ####....     1%          3    N/A
 Ozocubu's Armour         Chrm/Ice       ####....     1%          3    N/A
 Spider Form              Tmut/Pois      ######....   1%          3    N/A
 Static Discharge         Conj/Air       ####....     1%          3    N/A
 Stone Arrow              Conj/Erth      ####..       1%          3    N/A
 Vampiric Draining        Necr           #######...   1%          3    N/A
 Animate Dead             Necr           N/A          1%          4    N/A
 Force Lance              Conj/Tloc      ######..     1%          4    N/A
 Fulminant Prism          Conj/Hex       ######....   1%          4    N/A
 Ice Form                 Ice/Tmut       ######..     1%          4    N/A
 Leda's Liquefaction      Hex/Erth       ######....   1%          4    N/A
 Summon Ice Beast         Ice/Summ       ######..     1%          4    N/A
 Agony                    Necr           #######.     1%          5    N/A
 Aura of Abjuration       Summ           #######...   1%          5    N/A
 Blade Hands              Tmut           #######...   1%          5    N/A
 Bolt of Draining         Conj/Necr      #######...   1%          5    N/A
 Borgnjor's Vile Clutch   Necr/Erth      #######...   1%          5    N/A
 Dispel Undead            Necr           #######.     1%          5    N/A
 Excruciating Wounds      Chrm/Necr      #######...   1%          5    N/A
 Summon Demon             Summ           #######...   1%          5    N/A
 Summon Forest            Summ/Tloc      #######...   1%          5    N/A
 Summon Mana Viper        Hex/Summ       #######.     1%          5    N/A
 Yara's Violent Unravell  Hex/Tmut       #######...   1%          5    N/A
 Dispersal                Tloc           #######...   1%          6    N/A
 Hydra Form               Tmut           #######...   1%          6    N/A
 Shadow Creatures         Summ           N/A          1%          6    N/A
 Statue Form              Tmut/Erth      ######...    4%          6    N/A
 Summon Hydra             Summ           #######...   4%          7    N/A
 Disjunction              Tloc           #######...   4%          8    N/A
 Airstrike                Air            ####......   6%          4    N/A
 Iskenderun's Mystic Bla  Conj           ####....     6%          4    N/A
 Sticky Flame             Conj/Fire      ####....     6%          4    N/A
 Throw Icicle             Conj/Ice       ####....     6%          4    N/A
 Simulacrum               Ice/Necr       #######...   8%          6    N/A
 Bolt of Magma            Conj/Fire/Erth ####......   16%         5    N/A
 Fireball                 Conj/Fire      ####......   16%         5    N/A
 Iskenderun's Battlesphe  Conj/Chrm      ####....     16%         5    N/A
 Lightning Bolt           Conj/Air       ####......   16%         5    N/A
 Venom Bolt               Conj/Pois      ####......   16%         5    N/A
 Spellforged Servitor     Conj/Summ      ######....   38%         7    N/A
 Bolt of Fire             Conj/Fire      ####......   65%         6    N/A
 Deflect Missiles         Chrm/Air       ####......   65%         6    N/A
 Freezing Cloud           Conj/Ice/Air   ####......   65%         6    N/A
 Iron Shot                Conj/Erth      ####......   65%         6    N/A
 Orb of Destruction       Conj           ####......   99%         7    N/A
 Ring of Flames           Chrm/Fire      ####......   99%         7    N/A
 Ignition                 Fire           ####......   100%        8    N/A
 Shatter                  Erth           ####......   100%        9    N/A

Dungeon Overview and Level Annotations

Branches:
Dungeon (15/15)            Temple (1/1) D:5            Lair (6/6) D:11
 Shoals (4/4) Lair:3        Snake (4/4) Lair:3        Slime (5/5) Lair:5
    Orc (2/2) D:10            Elf (3/3) Orc:2        Vaults (5/5) D:13
  Crypt (3/3) Vaults:2       Tomb (3/3) Crypt:3      Depths (5/5) D:15
   Hell (1/1)                 Dis (0/7) Hell            Geh (7/7) Hell
    Tar (0/7) Hell            Zot (5/5) Depths:5
    Coc: Hell:1

Altars:
Ashenzari
Cheibriados
Dithmenos
Elyvilon
Fedhas
Gozag
Hepliaklqana
Kikubaaqudgha
Makhleb
Nemelex Xobeh
Okawaru
Qazlal
Ru
Sif Muna
Trog
Uskayaw
Vehumet
Wu Jian
Xom
Yredelemnul
Zin
The Shining One
Beogh
Jiyva

Shops:
D:5 *   D:8 (   D:9 (   D:13 *?   D:15 }   Orc:1 :   Orc:2 :(=?([   Elf:1 *
Elf:3 ?   Snake:2 ?   Snake:3 }*:[   Vaults:4 [*   Vaults:5 **   Depths:2 }=
Depths:4 (

Portals:
Hell: Depths:1 Depths:2 Depths:3 Depths:4 Depths:5
Abyss: Depths:1 Depths:4
Pandemonium: Depths:1 Depths:2 Depths:3
Ziggurat: Depths:5

Annotations:
Lair:3 exclusion: oklob plant
Lair:5 exclusion: oklob plant
Shoals:3 Nikola
Shoals:4 1 exclusion
Snake:4 exclusion: Roxanne, Roxanne
Vaults:1 3 runed translucent doors, AgonHex's ghost, veteran HOFi; HilariousDeathArtist's ghost, adept CeWn; Nornya's ghost, veteran MfSu; Xafer's ghost, adept DsGl; doot's ghost, adept DsVM
Depths:4 3 runed translucent doors, Ewacelol's ghost, veteran MiBe
Hell exclusion: ice statue
Zot:5 exclusion: obsidian statue


Innate Abilities, Weirdness & Mutations

You are very small and have problems with some larger weapons.
You are too small for most types of armour.
You have supernaturally acute eyesight. (SInv)
You are a herbivore.
You cover ground extremely quickly.
You need to consume almost no food.
You are partially covered in iridescent scales. (AC +2)
You are partially covered in thin metallic scales. (AC +2)
You are weak. (Str -2)
You expend magic power (3 MP) to strengthen your wands.


Message History

You block the death scarab's attack. x2
The death scarab completely misses you.
Okay, then.
You block the death scarab's attack. The death scarab completely misses you.
The death scarab bites you!
* * * LOW HITPOINT WARNING * * *
Unknown command.
Casting: Confuse (safe; 0% risk of failure)
Confirm with . or Enter, or press ? or * to list all spells.
Okay, then.
Evoke which item? (* to show all) (? for menu, Esc to quit)
Okay, then.
Casting: Confuse (safe; 0% risk of failure)
Confirm with . or Enter, or press ? or * to list all spells.
You blink.
The death scarab is no longer distracted by gold.
You block the death scarab's attack. x2; The death scarab closely misses you.
The death scarab completely misses you. x2; The death scarab bites you!
You die...
Your body crumbles into a pile of gold.

########################
#.......#........#..(.(.
#.^..§..#..^.....#...(..
#.....s^'.......('......
#.....sL#^.......#....(.
#.....s.#^.......#...^<.
#....###################
#....#..........[^......
#..^.#..............#...
#....#..............#...
#....#......##...^......
#>...#.....###...#######
######....###....#######


You could see 3 death scarabs.

Vanquished Creatures
  Khufu (Crypt:2)
  Mara (Vaults:3)
  A juggernaut (Depths:5)
  3 ancient liches
  Boris (Vaults:2)
  10 greater mummies
  2 Killer Klowns
  Vashnia (Snake:4)
  Frederick (Crypt:3)
  Bai Suzhen (Depths:1)
  A caustic shrike (Depths:5)
  4 golden dragons
  A profane servitor (Crypt:3)
  Geryon (Hell)
  A bone dragon (Depths:5)
  2 electric golems
  4 liches
  7 tentacled monstrosities
  2 deep elf blademasters (Elf:3)
  6 Orb Guardians (Zot:5)
  Asterion (Depths:3)
  5 titans
  A quicksilver dragon (Zot:1)
  5 sphinxes
  2 deep elf master archers (Elf:3)
  6 death cobs
  16 acid blobs
  2 tentacled starspawn (WizLab)
  9 ancient champions
  9 shadow dragons
  2 thorn hunters (Depths:2)
  7 nagarajas
  4 storm dragons
  5 draconian monks
  5 revenants
  4 tengu reavers
  4 fire giants
  9 azure jellies
  4 ghost moths
  7 frost giants
  Aizul (Snake:4)
  13 vault wardens
  A draconian scorcher (Zot:5)
  A draconian stormcaller (Zot:1)
  4 draconian knights
  An angel (WizLab)
  8 deep elf sorcerers
  3 balrugs
  9 ghouls
  A war gargoyle (Hell)
  2 draconian shifters
  4 deep elf elementalists
  A draconian annihilator (Depths:5)
  11 very ugly things
  5 reapers
  17 ironheart preservers
  A caustic shrike skeleton (Crypt:3)
  2 bennus (Tomb:1)
  18 stone giants
  8 deep elf annihilators
  4 green draconians
  5 vampire knights
  An entropy weaver (Vaults:3)
  2 purple draconians
  6 black draconians
  Azrael (Elf:2)
  A dire elephant (D:15)
  11 deep elf demonologists
  5 yellow draconians
  3 spark wasps
  4 merfolk javelineers
  4 eidola
  3 red draconians
  6 white draconians
  12 fire dragons
  2 death oozes (Slime:5)
  10 ettins
  The ghost of Stepladder the Thaumaturge, a journeyman GnSk of Ashenzari (Lair:2)
  6 deep elf death magi
  11 jiangshi
  5 deep elf high priests
  5 mummy priests
  3 great orbs of eyes
  15 yaktaur captains
  9 merfolk impalers
  6 hydras
  12 vault guards
  10 ice dragons
  2 rakshasas (Depths:1)
  20 naga warriors
  5 spriggan air magi
  A hell beast (Geh:1)
  7 centaur warriors
  3 merfolk avatars
  6 merfolk aquamancers
  10 anacondas
  38 two-headed ogres
  17 ogre magi
  2 death knights
  6 tengu warriors
  6 hell hogs (Hell)
  A satyr (Shoals:4)
  7 death yaks
  7 deep troll shamans
  8 deep troll earth magi
  12 death scarabs
  A titan zombie (Crypt:1)
  An orc high priest (Orc:1)
  3 spriggan berserkers
  17 naga sharpshooters
  6 soul eaters
  An iron golem (Hell)
  8 shock serpents
  6 sun demons
  7 vampire magi
  29 deep elf knights
  2 storm dragon zombies
  3 iron trolls
  16 hell knights
  3 salamander mystics
  A titan skeleton (Geh:1)
  3 shadow wraiths
  19 sea snakes
  7 glowing orange brains
  11 flayed ghosts
  24 skeletal warriors
  A storm dragon skeleton (Hell)
  2 golden dragon zombies (Crypt:2)
  3 unseen horrors
  33 deep trolls
  2 large abominations (WizLab)
  An entropy weaver zombie (Crypt:3)
  2 ghost moth zombies
  4 wizards
  A shadow demon (WizLab)
  An orange crystal statue (Depths:4)
  21 harpies
  A kraken simulacrum (Shoals:4)
  5 naga ritualists
  13 orc knights
  A sphinx zombie (Vaults:4)
  6 necromancers
  12 phantasmal warriors
  13 ironbrand convokers
  A tengu zombie (Vaults:4)
  18 deep elf archers
  80 deep elf magi
  7 mana vipers
  2 wolf spider zombies
  3 stone giant zombies
  5 orc sorcerers
  3 wolf spiders
  2 orb spiders (shapeshifter)
  2 worldbinders (WizLab)
  7 cyclopes
  2 oklob plants (Depths:2)
  2 fire giant zombies (Crypt:1)
  3 frost giant zombies
  17 salamanders
  A shadow dragon skeleton (Geh:1)
  40 ugly things
  13 moths of wrath
  3 shining eyes
  A salamander (shapeshifter) (Vaults:4)
  An iron dragon skeleton (Crypt:2)
  A rust devil (Hell)
  10 manticores
  28 black mambas
  6 guardian serpents
  A titan simulacrum (Crypt:2)
  2 black mambas (shapeshifter)
  4 elephants (Lair:5)
  27 naga magi
  15 vault sentinels
  3 water nymphs
  7 merfolk sirens
  4 eyes of devastation
  Joseph (D:7)
  A stone giant skeleton (Geh:7)
  A fire giant skeleton (Crypt:3)
  A spiny frog (shapeshifter) (D:12)
  3 orange demons (Hell)
  5 spiny frogs
  3 centaur skeletons
  A gargoyle (D:13)
  3 smoke demons
  A torpor snail (Lair:3)
  A yaktaur zombie (Vaults:4)
  A shock serpent skeleton (Tomb:2)
  A green draconian zombie (Geh:3)
  2 swamp worm zombies
  2 komodo dragons
  3 hellions
  4 kobold demonologists
  7 freezing wraiths
  A catoblepas skeleton (Crypt:2)
  A hellwing (Depths:2)
  2 demonic crawlers (Hell)
  32 yaktaurs
  A minotaur skeleton (Crypt:2)
  A red devil (Hell)
  A rime drake (Lair:5)
  An ice devil (WizLab)
  3 tengu conjurers
  5 wind drakes
  12 guardian mummies
  12 trolls
  A meliai (shapeshifter) (Vaults:3)
  29 merfolk
  5 polar bears
  A dancing weapon (Vaults:4)
  A jumping spider (shapeshifter) (Depths:2)
  10 hornets
  73 slime creatures
  A tengu simulacrum (Vaults:4)
  3 harpy skeletons
  2 ettin zombies
  3 hydra skeletons
  6 hippogriffs
  14 blink frogs
  A bog body (Crypt:1)
  5 dream sheep
  A fire giant simulacrum (Crypt:2)
  A fire dragon zombie (Geh:7)
  11 snapping turtles
  A fire dragon skeleton (Tomb:1)
  A black mamba zombie (Geh:1)
  2 shadows
  A deep troll skeleton (WizLab)
  A redback (shapeshifter) (Vaults:3)
  15 spriggans
  12 flying skulls
  2 air elementals
  5 ettin skeletons
  5 vampires
  7 water elementals
  2 spriggans (shapeshifter)
  3 wyverns
  5 ushabtiu
  2 black mamba skeletons
  27 yaks
  6 wraiths
  A hog (shapeshifter) (Vaults:2)
  A neqoxec (Depths:2)
  A hungry ghost (D:10)
  A steam dragon (D:9)
  4 fire elementals
  3 golden eyes (Slime:3)
  A yak (shapeshifter) (D:13)
  A basilisk (shapeshifter) (D:14)
  A human (D:13)
  3 basilisks
  A tyrant leech zombie (Crypt:3)
  A redback simulacrum (D:15)
  A spatial vortex (WizLab)
  An acid dragon (D:12)
  An insubstantial wisp (WizLab)
  58 nagas
  A hydra simulacrum (Tomb:2)
  11 wargs
  A soldier ant (D:11)
  A harpy simulacrum (Tomb:1)
  16 hell hounds
  21 water moccasins
  A water nymph skeleton (Crypt:3)
  A merfolk skeleton (Geh:4)
  3 porcupines
  A floating eye (Slime:5)
  39 orc warriors
  A snapping turtle zombie (Geh:1)
  A sky beast (shapeshifter) (Vaults:3)
  4 black bears
  5 eyes of draining
  A phantom (D:6)
  4 ice beasts
  3 sky beasts (D:9)
  A lindwurm zombie (Crypt:2)
  4 necrophages
  15 boggarts
  A wolf (shapeshifter) (Vaults:1)
  58 wolves
  51 ogres
  14 centaurs
  11 crocodiles
  A manticore skeleton (Geh:1)
  A snapping turtle skeleton (Crypt:1)
  3 big kobolds
  19 bullfrogs
  4 earth elementals
  A gnoll sergeant (D:9)
  A komodo dragon skeleton (Crypt:1)
  A bullfrog (shapeshifter) (Vaults:3)
  An elf skeleton (Geh:2)
  2 wyvern skeletons
  7 scorpions
  A spiny frog simulacrum (Crypt:2)
  A human simulacrum (Vaults:3)
  19 wights
  3 killer bees
  3 howler monkeys
  2 electric eels
  8 crimson imps
  5 centaur zombies
  A quasit (Depths:2)
  3 bullfrog zombies
  An iron imp (WizLab)
  36 orc wizards
  18 orc priests
  7 hounds
  4 jellies
  6 bullfrog skeletons
  2 iguanas
  A hell rat (D:11)
  6 worker ants
  A killer bee zombie (D:7)
  A big kobold skeleton (Crypt:1)
  A demigod skeleton (Crypt:2)
  A naga skeleton (Crypt:1)
  A tengu skeleton (Geh:7)
  An acid dragon skeleton (Crypt:2)
  2 hound skeletons (D:7)
  19 mummies
  5 gnolls (D:9)
  A howler monkey zombie (D:9)
  29 adders
  5 shadow imps
  3 white imps
  2 ufetubi
  3 oozes
  An adder skeleton (D:4)
  A lava snake skeleton (Crypt:2)
  A barachi skeleton (Crypt:3)
  8 leopard geckos
  104 orcs
  7 ball pythons
  8 bats
  4 giant cockroaches
  7 goblins
  7 hobgoblins
  9 jackals
  17 kobolds
  7 quokkas
  2 frilled lizards
  A jackal skeleton (D:4)
  A kobold skeleton (Tomb:1)
  A kobold zombie (Crypt:1)
  A quokka skeleton (D:9)
  14 rats
  A briar patch (Depths:2)
  2 fire vortices (Geh:1)
2376 creatures vanquished.

Vanquished Creatures (collateral kills)
  A juggernaut (Depths:5)
  7 ancient liches
  7 greater mummies
  Boris (Tomb:2)
  3 Killer Klowns (Zot:5)
  2 curse toes
  4 golden dragons
  A Brimstone Fiend (Geh:2)
  An electric golem (Zot:5)
  11 Orb Guardians (Zot:5)
  5 tentacled monstrosities
  A titan (Vaults:4)
  5 liches
  A death cob (Zot:1)
  A quicksilver dragon (Zot:3)
  An eldritch tentacle (Geh:5)
  4 sphinxes
  13 acid blobs
  4 ancient champions
  A shadow dragon (Zot:2)
  2 revenants
  4 storm dragons
  A draconian monk (Zot:4)
  2 fire giants
  4 azure jellies
  2 ghost moths
  A draconian knight (Zot:5)
  3 deep elf sorcerers
  3 frost giants
  2 draconian scorchers
  3 vault wardens
  3 draconian shifters
  A draconian stormcaller (Zot:1)
  3 stone giants
  2 reapers
  A curse skull (Crypt:3)
  2 draconian annihilators
  An ironheart preserver (Vaults:3)
  9 very ugly things
  A war gargoyle (Vaults:5)
  3 green draconians
  2 vampire knights (Crypt:3)
  3 bennus
  2 black draconians
  3 purple draconians
  A deep elf annihilator (Vaults:5)
  An entropy weaver (Vaults:5)
  A deep elf demonologist (Depths:4)
  5 white draconians
  3 red draconians
  2 spark wasps (Depths:5)
  6 yellow draconians
  3 ettins
  A deep elf death mage (Vaults:5)
  7 mummy priests
  2 fire dragons (Depths:5)
  2 jiangshi (Crypt:3)
  9 death oozes (Slime:5)
  2 ogre magi (Depths:2)
  6 great orbs of eyes
  4 yaktaur captains
  A deep elf high priest (Depths:4)
  23 vault guards
  An ice dragon (Depths:1)
  A naga warrior (Snake:4)
  7 two-headed ogres
  8 death scarabs
  2 deep troll shamans
  A deep troll earth mage (Depths:4)
  A vampire mage (Crypt:3)
  2 tengu warriors (Depths:1)
  3 naga sharpshooters (Snake:4)
  7 hell hogs
  A sun demon (Hell)
  A deep elf knight (Vaults:4)
  A titan skeleton (Geh:3)
  2 soul eaters (Hell)
  13 hell knights
  An iron troll (Depths:1)
  5 skeletal warriors
  4 deep trolls
  A torturous demonspawn (Depths:2)
  A shadow demon (Depths:2)
  A glowing orange brain (Depths:4)
  A shadow dragon zombie (Geh:5)
  A flayed ghost (Crypt:3)
  An ironbrand convoker (Vaults:1)
  A wizard (Depths:2)
  An orc knight (Vaults:4)
  3 necromancers
  A wolf spider zombie (Tomb:3)
  4 ugly things
  A shining eye (Slime:5)
  A salamander (Snake:1)
  A frost giant skeleton (Geh:2)
  9 moths of wrath
  An iron dragon skeleton (Geh:7)
  5 naga magi (Snake:4)
  3 eyes of devastation
  A guardian serpent (Snake:4)
  3 rust devils (Hell)
  A water nymph (shapeshifter) (Vaults:5)
  A hellion (Geh:3)
  12 yaktaurs
  A tormentor (Geh:3)
  2 freezing wraiths
  A tengu conjurer (Depths:1)
  16 guardian mummies
  2 red devils
  A harpy zombie (Geh:2)
  3 merfolk (Shoals:4)
  A wind drake (Shoals:4)
  A fire dragon zombie (Geh:7)
  58 slime creatures
  15 flying skulls
  A shapeshifter (Slime:5)
  A redback (Vaults:5)
  2 shadows
  A ynoxinul (Depths:2)
  A fire dragon skeleton (Geh:3)
  A vampire (Crypt:3)
  12 ushabtiu
  8 golden eyes
  2 wraiths (Geh:3)
  3 fire elementals
  3 nagas
  6 hell hounds
  A spiny frog zombie (Geh:7)
  An orc warrior (Vaults:4)
  4 ogres
  A necrophage (Geh:3)
  A swamp dragon skeleton (Crypt:3)
  2 centaurs (Vaults:4)
  An elf zombie (Hell)
  8 wights
  An orc priest (Vaults:5)
  An orc wizard (Vaults:4)
  A tengu zombie (Geh:3)
  18 mummies
  2 orcs
  A plant (Shoals:4)
517 creatures vanquished.

Vanquished Creatures (others)
  3 orbs of fire (Zot:5)
  An ancient lich (Zot:5)
  10 greater mummies
  2 Killer Klowns (Zot:5)
  7 Orb Guardians (Zot:5)
  72 eldritch tentacles
  3 sphinxes
  2 death cobs
  A tengu reaver (Depths:4)
  A revenant (Tomb:2)
  A deep elf sorcerer (Vaults:4)
  2 azure jellies (Slime:5)
  A draconian monk (Zot:5)
  A balrug (Geh:2)
  A fire giant (Depths:4)
  A ghost moth (Zot:4)
  A draconian scorcher (Zot:4)
  A vault warden (Vaults:5)
  2 ironheart preservers (Vaults:4)
  3 draconian annihilators
  3 bennus
  A vampire knight (Depths:4)
  A black draconian (Zot:5)
  A green draconian (Zot:1)
  5 purple draconians (Zot:5)
  3 red draconians
  A naga warrior (Snake:4)
  A deep elf death mage (Vaults:4)
  4 yaktaur captains
  A tengu warrior (Depths:1)
  A centaur warrior (Vaults:4)
  2 two-headed ogres (Vaults:4)
  A vampire mage (Depths:1)
  A deep troll earth mage (Depths:4)
  A hell hog (Hell)
  3 deep troll shamans
  4 death scarabs
  2 naga sharpshooters (Snake:4)
  A shock serpent (Snake:2)
  2 sun demons (Hell)
  An iron troll (Depths:1)
  A skeletal warrior (Vaults:2)
  An anaconda zombie (Hell)
  6 hell knights
  An ironbrand convoker (Vaults:4)
  3 deep trolls
  A deep elf archer (Elf:1)
  An obsidian statue (Zot:5)
  2 necromancers
  An orb spider (shapeshifter) (Vaults:4)
  A harpy (Vaults:5)
  A shining eye (Slime:5)
  A cyclops (D:12)
  An ugly thing (Depths:1)
  7 slime creatures
  A guardian serpent (Snake:3)
  4 moths of wrath
  A vault sentinel (Vaults:1)
  3 rust devils (Hell)
  A naga mage (Snake:4)
  A hellion (Geh:5)
  2 ice devils (Hell)
  6 yaktaurs
  A freezing wraith (Crypt:1)
  9 guardian mummies
  43 dancing weapons
  2 nagas (Snake:4)
  6 flying skulls
  An ushabti (Tomb:1)
  A hell hound (Geh:5)
  An orc warrior (Vaults:5)
  3 ogres
  A human (D:8)
  A wolf (Lair:6)
  3 centaurs
  A boggart (Depths:2)
  2 wights (Geh:3)
  A quasit (Depths:2)
  An iron imp (Depths:2)
  3 orc wizards
  5 mummies
  4 orcs
  2 fire vortices (Tomb:3)
  8 fungi
  9 plants
  2 starspawn tentacles (WizLab)
  16 tentacles (Shoals:4)
329 creatures vanquished.

Grand Total: 3222 creatures vanquished

Notes
Turn   | Place    | Note
-------+----------+-------------------------------------------
     0 | D:1      | Turist the Spriggan Enchanter began the quest for the Orb.
     0 | D:1      | Reached XP level 1. HP: 9/9 MP: 5/5
    98 | D:1      | You fall through a shaft!
   449 | D:1      | Reached XP level 2. HP: 9/14 MP: 6/6
  1046 | D:1      | Learned a level 2 spell: Ensorcelled Hibernation
  1243 | D:1      | You fall through a shaft!
  1520 | D:2      | Reached skill level 1 in Fighting
  1520 | D:2      | Reached XP level 3. HP: 18/18 MP: 8/8
  1665 | D:2      | Found an opulent altar of Gozag.
  1702 | D:2      | Became a worshipper of Gozag Ym Sagoz the Greedy
  2047 | D:1      | Reached skill level 4 in Dodging
  2517 | D:2      | Learned a level 3 spell: Confuse
  2794 | D:2      | Found a shimmering altar of Xom.
  2990 | D:3      | Reached XP level 4. HP: 21/22 MP: 4/9
  3612 | D:3      | Found a burning altar of Makhleb.
  3850 | D:4      | Reached XP level 5. HP: 22/26 MP: 10/10
  4330 | D:4      | Reached skill level 5 in Dodging
  4680 | D:3      | Reached XP level 6. HP: 15/30 MP: 4/11
  5422 | D:4      | Found a glowing silver altar of Zin.
  5444 | D:4      | Reached skill level 5 in Hexes
  6383 | D:5      | Entered Level 5 of the Dungeon
  6409 | D:5      | Found a staircase to the Ecumenical Temple.
  6448 | Temple   | Entered the Ecumenical Temple
  7437 | D:5      | Reached skill level 6 in Dodging
  7480 | D:5      | Found Fiehij's Elemental Accessories.
  7541 | D:5      | Reached XP level 7. HP: 34/35 MP: 13/13
  8360 | D:5      | Reached skill level 5 in Short Blades
  8588 | D:6      | Reached skill level 7 in Dodging
  8738 | D:6      | Reached XP level 8. HP: 41/41 MP: 14/14
 10252 | D:7      | Reached skill level 8 in Dodging
 10264 | D:7      | Noticed Joseph
 11302 | D:6      | Reached XP level 9. HP: 28/46 MP: 15/15
 11691 | D:7      | Reached skill level 9 in Dodging
 11767 | D:7      | Killed Joseph
 11767 | D:7      | Reached skill level 5 in Fighting
 12157 | D:8      | Found a blossoming altar of Fedhas.
 12160 | D:8      | Found a hide-covered altar of Uskayaw.
 12461 | D:8      | Reached skill level 10 in Dodging
 12477 | D:8      | Noticed a two-headed ogre
 12537 | D:8      | Killed a two-headed ogre
 12537 | D:8      | Reached skill level 10 in Short Blades
 12903 | D:8      | Learned a level 1 spell: Beastly Appendage
 12956 | D:8      | Reached XP level 10. HP: 53/53 MP: 16/16
 13032 | D:8      | Found an ancient bone altar of Kikubaaqudgha.
 13313 | D:8      | Found a radiant altar of Vehumet.
 13315 | D:8      | Found a glowing golden altar of the Shining One.
 13779 | D:9      | Reached skill level 5 in Stealth
 14882 | D:9      | Noticed a two-headed ogre
 14984 | D:9      | Killed a two-headed ogre
 14984 | D:9      | Reached skill level 11 in Dodging
 15817 | D:9      | Noticed a manticore
 15995 | D:10     | Entered Level 10 of the Dungeon
 17217 | D:10     | Found a staircase to the Orcish Mines.
 17574 | D:9      | Noticed a black mamba
 17574 | D:9      | a spriggan changed into a black mamba
 17599 | D:9      | Killed a black mamba
 17599 | D:9      | Reached skill level 5 in Spellcasting
 17599 | D:9      | Reached XP level 11. HP: 30/58 MP: 15/19
 18094 | D:9      | Noticed a two-headed ogre
 18114 | D:9      | Killed a two-headed ogre
 18292 | D:9      | Learned a level 2 spell: Blink
 18295 | D:9      | Noticed a two-headed ogre
 18303 | D:9      | Killed a two-headed ogre
 18616 | D:9      | Bought a +2 short sword of electrocution for 312 gold
                  | pieces
 19279 | D:10     | Reached skill level 1 in Shields
 20070 | D:11     | Noticed a two-headed ogre
 20152 | Orc:1    | Entered Level 1 of the Orcish Mines
 20572 | Orc:1    | Found a roughly hewn altar of Beogh.
 20635 | Orc:1    | Noticed an orc sorcerer
 20757 | Orc:1    | Learned a level 3 spell: Tukima's Dance
 20770 | Orc:1    | Noticed an orc high priest
 21245 | Orc:1    | Killed an orc high priest
 21271 | Orc:1    | Noticed a sun demon
 21571 | Orc:1    | Killed an orc sorcerer
 21688 | Orc:1    | Found Fexad's Book Shoppe.
 21695 | Orc:1    | Noticed an ettin
 21795 | Orc:1    | Killed an ettin
 21795 | Orc:1    | Reached XP level 12. HP: 47/65 MP: 8/21
 22299 | Orc:2    | Entered Level 2 of the Orcish Mines
 24381 | Orc:2    | Noticed a two-headed ogre
 24396 | Orc:2    | Noticed a two-headed ogre
 24396 | Orc:2    | Noticed a two-headed ogre
 24408 | Orc:2    | Killed a two-headed ogre
 24412 | Orc:2    | Noticed a two-headed ogre
 24414 | Orc:2    | Noticed a two-headed ogre
 24415 | Orc:2    | Killed a two-headed ogre
 24428 | Orc:2    | Noticed an ogre mage
 24436 | Orc:2    | Noticed a two-headed ogre
 24449 | Orc:2    | Killed a two-headed ogre
 24705 | Orc:2    | Killed a two-headed ogre
 24723 | Orc:2    | Noticed a two-headed ogre
 24868 | Orc:2    | Killed a two-headed ogre
 24897 | Orc:2    | Reached skill level 5 in Shields
 24898 | Orc:2    | Noticed a two-headed ogre
 24947 | Orc:2    | Killed a two-headed ogre
 24980 | Orc:2    | Noticed a two-headed ogre
 25002 | Orc:2    | Killed a two-headed ogre
 25010 | Orc:2    | Noticed a two-headed ogre
 25019 | Orc:2    | Noticed a two-headed ogre
 25032 | Orc:2    | Killed a two-headed ogre
 25033 | Orc:2    | Noticed an ogre mage
 25096 | Orc:2    | Killed a two-headed ogre
 25189 | Orc:2    | Noticed a two-headed ogre
 25196 | Orc:2    | Killed an ogre mage
 25220 | Orc:2    | Noticed an ogre mage
 25258 | Orc:2    | Killed an ogre mage
 25306 | Orc:2    | Killed a two-headed ogre
 25306 | Orc:2    | Reached skill level 10 in Stealth
 25343 | Orc:2    | Killed an ogre mage
 25343 | Orc:2    | Reached XP level 13. HP: 68/70 MP: 25/25
 26127 | Orc:2    | Found Yrisiupp's Magic Scroll Boutique.
 26127 | Orc:2    | Found Zaplomos's Antique Weapon Shoppe.
 26127 | Orc:2    | Found Kumapra's Jewellery Shoppe.
 26127 | Orc:2    | Found Azicory's Book Shop.
 26204 | Orc:2    | Found a staircase to the Elven Halls.
 26448 | Orc:2    | Bought the ring "Urham" {rN+ MR+ Int+6} for 587 gold pieces
 26454 | Orc:2    | Bought a fine shortbow for 320 gold pieces
 26455 | Orc:2    | Identified the cursed +3 shortbow "Fohac" {speed, rPois}
                  | (You bought it in a shop on level 2 of the Orcish Mines)
 26463 | Orc:2    | Bought a +3 amulet of reflection for 204 gold pieces
 26500 | Orc:2    | Bought a +2 ring of evasion for 130 gold pieces
 26943 | D:11     | Found a staircase to the Lair.
 28190 | Lair:1   | Entered Level 1 of the Lair of Beasts
 28649 | Lair:1   | Reached skill level 10 in Fighting
 30084 | Lair:2   | Found a runed translucent door.
 30084 | Lair:2   | Noticed Stepladder's ghost (journeyman GnSk)
 30125 | Lair:2   | Killed Stepladder's ghost
 30795 | Lair:3   | Found a staircase to the Snake Pit.
 31554 | Lair:3   | Found a staircase to the Shoals.
 32759 | Lair:4   | Found an ancient bone altar of Kikubaaqudgha.
 33140 | Lair:5   | Found a staircase to the Slime Pits.
 33516 | Lair:5   | Reached XP level 14. HP: 77/77 MP: 26/26
 34763 | Lair:5   | Reached skill level 12 in Dodging
 34850 | Lair:6   | Entered Level 6 of the Lair of Beasts
 34915 | Lair:6   | Paralysed by a hornet for 2 turns
 35413 | Elf:1    | Entered Level 1 of the Elven Halls
 35461 | Orc:2    | Bought a runed buckler for 292 gold pieces
 35474 | Orc:2    | Bought a runed robe for 144 gold pieces
 35715 | Snake:1  | Entered Level 1 of the Snake Pit
 35718 | Snake:1  | Reached skill level 10 in Hexes
 36724 | Snake:1  | Reached skill level 1 in Translocations
 37464 | Lair:4   | Reached skill level 15 in Stealth
 38540 | Lair:6   | Reached skill level 13 in Dodging
 39192 | Lair:6   | Reached skill level 5 in Translocations
 40732 | Orc:2    | Bought 3 scrolls of acquirement for 2652 gold pieces
 40787 | Orc:2    | Got a twisted hat
 40798 | Orc:2    | Identified the +0 hat of Cocytus {Str+4} (You acquired it
                  | on level 2 of the Orcish Mines)
 41552 | D:11     | Reached XP level 15. HP: 70/84 MP: 10/27
 42616 | D:12     | Reached skill level 14 in Dodging
 42804 | D:12     | Found a shattered altar of Ashenzari.
 43906 | D:9      | Bought a +4 rapier of electrocution for 512 gold pieces
 44505 | D:13     | Found a shattered altar of Ashenzari.
 45917 | D:13     | Found a gate to the Vaults.
 46481 | Orc:2    | Reached skill level 15 in Dodging
 47020 | Shoals:1 | Entered Level 1 of the Shoals
 48543 | D:13     | Learned a level 1 spell: Apportation
 48548 | D:13     | Learned a level 4 spell: Force Lance
 48782 | Orc:2    | Bought a book of Party Tricks for 750 gold pieces
 48789 | Orc:2    | Learned a level 6 spell: Invisibility
 49704 | D:15     | Entered Level 15 of the Dungeon
 50179 | D:15     | Found Viagguech's Gadget Emporium.
 50422 | D:15     | Found a staircase to the Depths.
 51031 | Snake:1  | Reached XP level 16. HP: 90/90 MP: 25/28
 51674 | Snake:2  | Found Agemeli's Magic Scroll Shoppe.
 51779 | Snake:2  | Found a flickering gateway to a bazaar.
 51788 | Bazaar   | Entered a bazaar
 51857 | Bazaar   | Found Patrim's General Store.
 51871 | Bazaar   | Found Guidaunn's Food Boutique.
 51885 | Bazaar   | Found Tudohytam's Assorted Antiques.
 51899 | Bazaar   | Found Animenon's Food Boutique.
 51927 | Bazaar   | Found Oqaoj's Food Boutique.
 52168 | Bazaar   | Bought a scroll of acquirement for 624 gold pieces
 53178 | Snake:2  | Got a tattered robe
 53180 | Snake:2  | Identified the +4 robe "Aloc Mepn" {Str+4 Int+6} (You
                  | acquired it on level 2 of the Snake Pit)
 54573 | Snake:3  | Found Ycil's General Store.
 54886 | Snake:3  | Found Felaed's Book Shop.
 55107 | Snake:3  | Found Gyunez's Gadget Shoppe.
 55247 | Snake:3  | Reached skill level 16 in Dodging
 55620 | Snake:3  | Found Plog's Antique Armour Shoppe.
 55801 | Snake:3  | Found Xexuleet's Food Shop.
 56389 | Snake:3  | Learned a level 3 spell: Regeneration
 56475 | Snake:3  | Found a runed translucent door.
 57267 | Snake:4  | Entered Level 4 of the Snake Pit
 57267 | Snake:4  | Noticed Roxanne
 57981 | Snake:1  | Reached XP level 17. HP: 95/95 MP: 29/29
 59202 | Shoals:2 | Reached skill level 1 in Necromancy
 59344 | Shoals:2 | Reached skill level 1 in Transmutations
 59520 | Shoals:2 | Gained mutation: You are occasionally teleported next to
                  | monsters. [mutagenic glow]
 60164 | Shoals:3 | Noticed Nikola
 60270 | Shoals:3 | Noticed a kraken
 60667 | Shoals:4 | Entered Level 4 of the Shoals
 60835 | Shoals:4 | Gained mutation: You are partially covered in iridescent
                  | scales. (AC +2) [mutagenic glow]
 60935 | Shoals:3 | Noticed a kraken
 61082 | Shoals:1 | Lost mutation: You are occasionally teleported next to
                  | monsters. [potion of mutation]
 61082 | Shoals:1 | Gained mutation: You have a pair of small horns on your
                  | head. [potion of mutation]
 61082 | Shoals:1 | Gained mutation: You are surrounded by a mild repulsion
                  | field. (EV +2) [potion of mutation]
 61126 | Shoals:1 | Learned a level 5 spell: Alistair's Intoxication
 61477 | Shoals:4 | Reached skill level 5 in Transmutations
 61630 | Shoals:4 | Found the +8 frozen axe "Frostbite" {freezing cloud, *Noise
                  | +Fly rC+}
 63057 | Shoals:4 | Got a barnacled rune of Zot
 64296 | Elf:1    | Gained mutation: Your body sometimes deteriorates upon
                  | taking damage. [a cacodemon]
 65147 | Elf:1    | Reached XP level 18. HP: 102/102 MP: 24/31
 65191 | Elf:1    | Found a runed translucent gate.
 65191 | Elf:1    | Found a runed translucent gate.
 65191 | Elf:1    | Found a runed translucent gate.
 65191 | Elf:1    | Found a runed translucent gate.
 65191 | Elf:1    | Found a runed translucent gate.
 65195 | Elf:1    | Found a runed translucent gate.
 65449 | Elf:1    | Reached skill level 17 in Dodging
 65721 | Elf:1    | Learned a level 2 spell: Swiftness
 65993 | Elf:1    | Found Giwiojog's General Store.
 67808 | Elf:2    | Reached skill level 10 in Spellcasting
 67830 | Elf:2    | Noticed Azrael
 68138 | Elf:2    | Killed Azrael
 68414 | Elf:2    | Found a runed translucent gate.
 68414 | Elf:2    | Found a runed translucent gate.
 68414 | Elf:2    | Found a runed translucent gate.
 69545 | Elf:3    | Entered Level 3 of the Elven Halls
 69982 | Elf:3    | Found Weegomi's Magic Scroll Emporium.
 70060 | Elf:3    | Reached XP level 19. HP: 107/107 MP: 28/35
 70076 | Elf:3    | Reached skill level 15 in Fighting
 70771 | Vaults:1 | Entered Level 1 of the Vaults
 70939 | Vaults:1 | Found a magical portal.
 70951 | WizLab   | Entered The Roulette of Golubria
 70951 | WizLab   | Found a transporter.
 70955 | WizLab   | Found a corrupted altar of Lugonu.
 71010 | WizLab   | Found a transporter.
 71010 | WizLab   | Found a transporter.
 71050 | WizLab   | Found a transporter.
 71051 | WizLab   | Found the +1 cloak of Starlight {rElec rC+ EV+4 Stlth--}
 71074 | WizLab   | Found a transporter.
 71096 | WizLab   | Found a transporter.
 71166 | WizLab   | Found a corrupted altar of Lugonu.
 71167 | WizLab   | Found a transporter.
 71169 | WizLab   | Found a corrupted altar of Lugonu.
 71208 | WizLab   | Found a transporter.
 71213 | WizLab   | Found a transporter.
 71257 | WizLab   | Found a transporter.
 71330 | WizLab   | Found a transporter.
 72115 | WizLab   | Found a transporter.
 72224 | WizLab   | Found a transporter.
 72369 | Vaults:1 | Gained mutation: You occasionally shout uncontrollably at
                  | your foes. [mutagenic glow]
 72410 | Vaults:1 | Gained mutation: You sometimes yell uncontrollably at your
                  | foes. [mutagenic glow]
 72544 | Vaults:1 | Lost mutation: Your body sometimes deteriorates upon taking
                  | damage. [potion of mutation]
 72544 | Vaults:1 | Lost mutation: You have a pair of small horns on your head.
                  | [potion of mutation]
 72544 | Vaults:1 | Gained mutation: You tend to lose your temper in combat.
                  | [potion of mutation]
 72544 | Vaults:1 | Gained mutation: You have large cloven feet. [potion of
                  | mutation]
 72939 | Vaults:1 | Found a runed translucent gate.
 72939 | Vaults:1 | Found a runed translucent gate.
 72939 | Vaults:1 | Found a runed translucent gate.
 72939 | Vaults:1 | Noticed doot's ghost (adept DsVM)
 72939 | Vaults:1 | Noticed AgonHex's ghost (veteran HOFi)
 72941 | Vaults:1 | Noticed HilariousDeathArtist's ghost (adept CeWn)
 72941 | Vaults:1 | Noticed Nornya's ghost (veteran MfSu)
 72941 | Vaults:1 | Noticed Xafer's ghost (adept DsGl)
 73138 | Vaults:1 | Reached skill level 18 in Dodging
 75085 | Vaults:1 | You fall through a shaft!
 76018 | Vaults:2 | Reached XP level 20. HP: 114/114 MP: 31/37
 76231 | Vaults:2 | Reached skill level 15 in Hexes
 77187 | Vaults:2 | Found a staircase to the Crypt.
 77257 | Vaults:2 | Noticed Boris
 77336 | Vaults:3 | Noticed Mara
 77340 | Vaults:3 | Noticed Turist's illusion
 78527 | D:13     | Bought a scroll of blinking for 90 gold pieces
 78527 | D:13     | Bought a scroll of blinking for 90 gold pieces
 78527 | D:13     | Bought a scroll of magic mapping for 42 gold pieces
 78544 | D:13     | Bought a potion of heal wounds for 205 gold pieces
 78544 | D:13     | Bought a potion of heal wounds for 205 gold pieces
 79681 | Crypt:1  | Entered Level 1 of the Crypt
 81268 | Elf:3    | Identified the +7 rapier "Spriggan's Bane" {pierce, rC+}
 81308 | Elf:2    | Gained mutation: Your spells are a little easier to cast,
                  | but a little less powerful. [mutagenic glow]
 81321 | Elf:3    | Reached skill level 19 in Dodging
 82034 | Elf:3    | Identified the +9 morningstar "Getzau Vaotz" {crush,
                  | *Corrode Str+4 Int+7 SInv}
 82175 | Elf:3    | Identified the cursed +0 lajatang "Sosoc" {slice, *Noise
                  | rF++ Int+3}
 82175 | Elf:3    | Identified the +1 robe of Vanity {*Contam MR+ Stlth+}
 82210 | Elf:3    | Identified the +10 great mace of the Mouth {drain, Str+5
                  | Dex-4}
 82316 | Elf:3    | Identified the ring "Xoejod" {*Tele rElec SInv}
 82601 | Elf:3    | Identified Sif Muna's Incunabulum of Twisted Snow
 82893 | Orc:2    | Bought a book of Enchantments for 750 gold pieces
 82906 | Orc:2    | Learned a level 8 spell: Discord
 83150 | Snake:4  | Noticed Aizul
 84005 | Snake:4  | Noticed Vashnia
 84167 | Snake:4  | Killed Aizul
 84444 | Snake:4  | Killed Vashnia
 84444 | Snake:4  | Reached XP level 21. HP: 79/120 MP: 35/39
 84446 | Snake:4  | Reached skill level 20 in Dodging
 85631 | Snake:4  | Reached skill level 21 in Dodging
 85740 | Snake:4  | Got a serpentine rune of Zot
 86819 | Vaults:3 | Learned a level 5 spell: Silence
 86846 | Vaults:3 | Noticed Turist's illusion
 87094 | Vaults:3 | Killed Mara
 88696 | Vaults:4 | Found Keusal's Armour Shop.
 88830 | Vaults:4 | Reached skill level 22 in Dodging
 90058 | Vaults:5 | Entered Level 5 of the Vaults
 90070 | Vaults:5 | Reached XP level 22. HP: 118/126 MP: 30/40
 90321 | Vaults:5 | Reached skill level 23 in Dodging
 91242 | Vaults:5 | Noticed an ancient lich
 91491 | Vaults:4 | Killed an ancient lich
 91814 | Vaults:5 | Identified the +3 plate armour of Ennui {-Tele *Drain rElec
                  | MR+ Dex+6}
 93092 | Vaults:5 | Identified the ring of Zonivaw {rN+ MR+ Dex+3}
 93223 | Vaults:4 | Lost mutation: You sometimes yell uncontrollably at your
                  | foes. [potion of mutation]
 93223 | Vaults:4 | Lost mutation: You occasionally shout uncontrollably at
                  | your foes. [potion of mutation]
 93223 | Vaults:4 | Lost mutation: You tend to lose your temper in combat.
                  | [potion of mutation]
 93223 | Vaults:4 | Lost mutation: You have large cloven feet. [potion of
                  | mutation]
 93223 | Vaults:4 | Gained mutation: You have a pair of small antennae on your
                  | head. [potion of mutation]
 93223 | Vaults:4 | Gained mutation: You are partially covered in thin metallic
                  | scales. (AC +2) [potion of mutation]
 93283 | Vaults:5 | Identified the +9 flail "Busemev" {crush, rElec rPois Str+7
                  | Int-3}
 93283 | Vaults:5 | Identified the ring "Byit" {*Drain rPois AC+4 Slay+6}
 93329 | Vaults:5 | Noticed a golden dragon
 93329 | Vaults:5 | Noticed a golden dragon
 93736 | Vaults:5 | Got a silver rune of Zot
 93760 | Vaults:5 | Noticed an ancient lich
 94369 | Depths:1 | Entered Level 1 of the Depths
 94652 | Depths:1 | Found a one-way gate to the infinite horrors of the Abyss.
 94664 | Depths:1 | Found a gateway to Hell.
 94713 | Depths:1 | Noticed Bai Suzhen
 94720 | Depths:1 | Killed Bai Suzhen
 94933 | Depths:1 | Found a one-way gate leading to the halls of Pandemonium.
 95299 | Depths:2 | Found Qogrear's Jewellery Boutique.
 95301 | Depths:2 | Found Jiaduat's Gadget Emporium.
 95302 | Depths:2 | Found Koacvaixa's Jewellery Boutique.
 95392 | Depths:2 | Reached skill level 24 in Dodging
 95932 | Depths:2 | Reached XP level 23. HP: 133/133 MP: 21/42
 97381 | Depths:2 | Learned a level 3 spell: Stone Arrow
 97982 | Orc:2    | Bought a scroll of brand weapon for 340 gold pieces
 98241 | Depths:2 | Reached skill level 1 in Slings
 99035 | Vaults:4 | Bought a scroll of enchant weapon for 97 gold pieces
 99377 | Snake:2  | Bought a scroll of enchant weapon for 127 gold pieces
100826 | Depths:3 | Reached skill level 5 in Slings
101503 | Depths:3 | Noticed Asterion
101536 | Depths:3 | Killed Asterion
101792 | Depths:4 | Found Atan's Weapon Emporium.
101847 | Depths:4 | Found a runed translucent gate.
101847 | Depths:4 | Found a runed translucent gate.
101847 | Depths:4 | Found a runed translucent gate.
101848 | Depths:4 | Noticed Ewacelol's ghost (veteran MiBe)
102367 | Depths:4 | Identified the amulet "Zeduresyhu" {Acrobat Fragile rPois
                  | Int+8 Dex-4}
102831 | Depths:4 | Found a runed translucent door.
102837 | Depths:4 | Found a runed translucent door.
103148 | Depths:4 | Reached skill level 10 in Slings
103834 | Depths:5 | Entered Level 5 of the Depths
103851 | Depths:5 | Noticed a juggernaut
104116 | Depths:5 | Noticed a caustic shrike
106330 | Depths:5 | Killed a caustic shrike
107563 | Snake:3  | Learned a level 6 spell: Death Channel
107969 | Depths:5 | Reached XP level 24. HP: 133/139 MP: 26/42
108011 | Depths:5 | Found a gate to the Realm of Zot.
108063 | Depths:5 | Reached skill level 5 in Necromancy
108302 | Zot:1    | Entered Level 1 of the Realm of Zot
108871 | Depths:5 | Killed a juggernaut
109087 | Depths:5 | Found a gateway to a ziggurat.
109456 | Depths:5 | Noticed a juggernaut
109516 | Depths:5 | Killed a juggernaut
110163 | Zot:1    | Noticed an orb of fire
110347 | Depths:5 | Learned a level 1 spell: Summon Butterflies
110670 | Zot:1    | Reached skill level 1 in Summonings
111045 | Zot:1    | Gained mutation: Your magical capacity is low. (-10% MP)
                  | [an orb of fire]
111045 | Zot:1    | Gained mutation: You are clumsy. (Dex -2) [an orb of fire]
111054 | Zot:1    | Gained mutation: Your magical capacity is very low. (-20%
                  | MP) [an orb of fire]
111280 | Zot:1    | HP: 6/140 [orb of fire/fireball (40)]
111906 | Snake:2  | Bought a scroll of blinking for 127 gold pieces
111906 | Snake:2  | Bought a scroll of blinking for 127 gold pieces
111906 | Snake:2  | Bought a scroll of blinking for 127 gold pieces
112789 | Vaults:5 | Got a smoking shortbow
112790 | Vaults:5 | Identified the cursed +1 shortbow of Excruciating Pain
                  | {venom, Dex+4} (You found it on level 5 of the Vaults)
112795 | Vaults:5 | Identified Ninger's Handbook of Execration and Sinister
                  | Arts
112938 | Vaults:5 | Killed an ancient lich
113030 | Vaults:5 | Found the +2 hat of the Bear Spirit {Spirit, +Rage rN+
                  | MR++}
113632 | Vaults:5 | Reached skill level 5 in Summonings
113811 | Vaults:5 | Reached skill level 10 in Translocations
113899 | Vaults:5 | Bought a scroll of enchant armour for 157 gold pieces
114374 | Hell     | Entered the Vestibule of Hell
114374 | Hell     | Noticed Geryon
115148 | Hell     | Killed Geryon
115733 | Hell     | Found a gateway to the Iron City of Dis.
116146 | Snake:3  | Bought a ration for 60 gold pieces
116146 | Snake:3  | Bought a ration for 60 gold pieces
116146 | Snake:3  | Bought a ration for 60 gold pieces
116146 | Snake:3  | Bought a ration for 60 gold pieces
116146 | Snake:3  | Bought a ration for 60 gold pieces
116146 | Snake:3  | Bought a ration for 60 gold pieces
116146 | Snake:3  | Bought a ration for 60 gold pieces
116146 | Snake:3  | Bought a ration for 60 gold pieces
116146 | Snake:3  | Bought a ration for 60 gold pieces
116146 | Snake:3  | Bought a ration for 60 gold pieces
116583 | Hell     | Found a gateway to the ashen valley of Gehenna.
117099 | Hell     | Reached XP level 25. HP: 86/145 MP: 31/34
117298 | Hell     | Found a gateway to the decaying netherworld of Tartarus.
118055 | Vaults:2 | Killed Boris
119063 | Crypt:2  | Noticed Khufu
119063 | Crypt:2  | Noticed a greater mummy
119806 | Crypt:2  | Learned a level 7 spell: Malign Gateway
121315 | Crypt:2  | Killed Khufu
121708 | Crypt:3  | Entered Level 3 of the Crypt
121746 | Crypt:3  | Noticed Frederick
121752 | Crypt:3  | Killed Frederick
121753 | Crypt:3  | Found a staircase to the Tomb.
121988 | Crypt:3  | Reached skill level 10 in Summonings
122887 | Crypt:3  | Found a basalt altar of Yredelemnul.
122890 | Crypt:3  | Found an ancient bone altar of Kikubaaqudgha.
122895 | Crypt:3  | Reached skill level 15 in Spellcasting
123194 | Crypt:3  | Identified the Collected Works on Black Magic
123212 | Crypt:3  | Got a pitted copper ring
123214 | Crypt:3  | Identified the ring of Tiylotre {MR+ Str+2 Dex+3} (You
                  | found it on level 3 of the Crypt)
123624 | Tomb:1   | Entered Level 1 of the Tomb of the Ancients
124122 | Tomb:1   | Got bloodstained acid dragon scales
124123 | Tomb:1   | Identified the +5 acid dragon scales "Aguleigg" {rCorr
                  | Str+2} (You acquired it on level 1 of the Tomb of the
                  | Ancients)
125229 | Tomb:1   | Killed a greater mummy
125271 | Tomb:1   | Noticed a greater mummy
125283 | Tomb:1   | Killed a greater mummy
125710 | Tomb:2   | Noticed a greater mummy
125710 | Tomb:2   | Noticed a greater mummy
125715 | Tomb:2   | Noticed a greater mummy
125715 | Tomb:2   | Noticed a greater mummy
125721 | Tomb:2   | Noticed Boris
125726 | Tomb:2   | Killed a greater mummy
125726 | Tomb:2   | Reached XP level 26. HP: 63/150 MP: 5/35
126378 | Elf:3    | Bought a scroll of blinking for 105 gold pieces
126901 | Crypt:2  | Killed a greater mummy
127442 | Tomb:1   | Noticed a greater mummy
127452 | Tomb:1   | Noticed a greater mummy
127491 | Tomb:1   | Killed a greater mummy
127562 | Tomb:1   | Noticed a greater mummy
127597 | Tomb:1   | Noticed a greater mummy
127597 | Tomb:1   | Noticed a greater mummy
127603 | Tomb:1   | Noticed a greater mummy
127614 | Tomb:1   | Noticed a greater mummy
127616 | Tomb:1   | Killed a greater mummy
127643 | Tomb:1   | Killed a greater mummy
127643 | Tomb:1   | Reached skill level 15 in Translocations
127792 | Tomb:1   | Noticed a greater mummy
127793 | Tomb:1   | Noticed a greater mummy
127825 | Tomb:1   | Killed a greater mummy
127935 | Tomb:1   | Noticed a greater mummy
127996 | Tomb:1   | Killed a greater mummy
128014 | Tomb:1   | Learned a level 4 spell: Summon Ice Beast
128059 | Tomb:1   | Noticed a greater mummy
128060 | Tomb:1   | Noticed a greater mummy
128066 | Tomb:1   | Noticed a greater mummy
128108 | Tomb:1   | Learned a level 7 spell: Summon Hydra
128126 | Tomb:1   | Killed a greater mummy
128333 | Tomb:1   | Killed a greater mummy
128592 | Tomb:1   | Killed a greater mummy
128717 | Tomb:1   | Noticed a greater mummy
128765 | Tomb:1   | Killed a greater mummy
128863 | Tomb:1   | Killed a greater mummy
128929 | Tomb:1   | Noticed a greater mummy
129158 | Tomb:1   | Noticed a greater mummy
129538 | Tomb:1   | Killed a greater mummy
129876 | Tomb:1   | Killed a greater mummy
129983 | Tomb:1   | Killed a greater mummy
130040 | Tomb:1   | Noticed a greater mummy
130083 | Tomb:1   | Killed a greater mummy
133859 | Zot:2    | Bought a ration for 50 gold pieces
133859 | Zot:2    | Bought a ration for 50 gold pieces
133859 | Zot:2    | Bought a ration for 50 gold pieces
133859 | Zot:2    | Bought a ration for 50 gold pieces
133859 | Zot:2    | Bought a ration for 50 gold pieces
133859 | Zot:2    | Bought a ration for 50 gold pieces
133859 | Zot:2    | Bought a ration for 50 gold pieces
133859 | Zot:2    | Bought a ration for 50 gold pieces
133859 | Zot:2    | Bought a ration for 50 gold pieces
133859 | Zot:2    | Bought a ration for 50 gold pieces
133981 | Zot:3    | Reached skill level 25 in Dodging
134413 | Zot:5    | Entered Level 5 of the Realm of Zot
134937 | Zot:5    | Reached XP level 27. HP: 155/158 MP: 37/37
135024 | Zot:5    | Noticed an ancient lich
135048 | Zot:5    | Noticed an orb of fire
135049 | Zot:5    | Noticed an ancient lich
135051 | Zot:5    | Noticed an orb of fire
135051 | Zot:5    | Noticed an orb of fire
135054 | Zot:5    | Noticed an ancient lich
135056 | Zot:5    | Noticed an orb of fire
135065 | Zot:5    | Killed an ancient lich
135067 | Zot:5    | Noticed an ancient lich
135069 | Zot:5    | Killed an ancient lich
135076 | Zot:5    | Noticed an ancient lich
135081 | Zot:5    | Killed an orb of fire
135091 | Zot:5    | Killed an orb of fire
135094 | Zot:5    | Noticed an ancient lich
135107 | Zot:5    | Killed an ancient lich
135113 | Zot:5    | Killed an ancient lich
135113 | Zot:5    | Noticed an ancient lich
135117 | Zot:5    | Killed an ancient lich
136291 | Zot:5    | Gained mutation: You are dopey. (Int -2) [an orb of fire]
136303 | Zot:5    | Gained mutation: You are weak. (Str -2) [an orb of fire]
136305 | Zot:5    | Banished an orb of fire
136448 | Zot:5    | Lost mutation: Your magical capacity is very low. (-20% MP)
                  | [potion of mutation]
136448 | Zot:5    | Lost mutation: Your spells are a little easier to cast, but
                  | a little less powerful. [potion of mutation]
136448 | Zot:5    | Lost mutation: You are clumsy. (Dex -2) [potion of
                  | mutation]
136448 | Zot:5    | Gained mutation: You have sharp toenails. [potion of
                  | mutation]
136448 | Zot:5    | Lost mutation: You are dopey. (Int -2) [potion of mutation]
136449 | Zot:5    | Lost mutation: You are surrounded by a mild repulsion
                  | field. (EV +2) [potion of mutation]
136449 | Zot:5    | Lost mutation: Your magical capacity is low. (-10% MP)
                  | [potion of mutation]
136449 | Zot:5    | Lost mutation: You have a pair of small antennae on your
                  | head. [potion of mutation]
136449 | Zot:5    | Gained mutation: You are very weak. (Str -4) [potion of
                  | mutation]
136449 | Zot:5    | Gained mutation: You are robust. (+10% HP) [potion of
                  | mutation]
136449 | Zot:5    | Gained mutation: You evolve. [potion of mutation]
136908 | Zot:5    | Killed an ancient lich
137428 | Zot:5    | Reached skill level 26 in Dodging
137674 | Zot:5    | Learned a level 8 spell: Controlled Blink
137686 | Zot:5    | Learned a level 8 spell: Disjunction
138196 | Slime:1  | Entered Level 1 of the Pits of Slime
139352 | Slime:2  | Reached skill level 10 in Transmutations
140343 | Slime:5  | Entered Level 5 of the Pits of Slime
141243 | Slime:5  | Noticed the Royal Jelly
141730 | Slime:3  | Found a viscous altar of Jiyva.
141745 | Slime:4  | Reached skill level 10 in Necromancy
141797 | Slime:4  | Gained mutation: Your body sometimes deteriorates upon
                  | taking damage. [a shining eye]
141970 | Slime:5  | Noticed a golden dragon shaped Royal Jelly
141970 | Slime:5  | the Royal Jelly changed into a golden dragon shaped Royal
                  | Jelly
142064 | Slime:5  | Killed a golden dragon shaped Royal Jelly
142114 | Slime:5  | Got a slimy rune of Zot
142115 | Slime:5  | Identified Vetokhos's Reference Book on Destructive Dark
                  | Secrets
142172 | Slime:5  | Got a scorched rapier
142251 | Slime:5  | Identified the +10 rapier of Tuesadd {freeze, Str+3 Int+3}
                  | (You found it on level 5 of the Pits of Slime)
142770 | Hell     | Lost mutation: You evolve. [potion of mutation]
142770 | Hell     | Lost mutation: You are very weak. (Str -4) [potion of
                  | mutation]
142770 | Hell     | Lost mutation: Your body sometimes deteriorates upon taking
                  | damage. [potion of mutation]
142770 | Hell     | Lost mutation: You have sharp toenails. [potion of
                  | mutation]
142770 | Hell     | Gained mutation: You expend magic power (3 MP) to
                  | strengthen your wands. [potion of mutation]
142778 | Geh:1    | Entered Level 1 of Gehenna
143101 | Geh:5    | You fall through a shaft!
143187 | Geh:6    | You fall through a shaft!
143187 | Geh:7    | Entered Level 7 of Gehenna
144032 | Hell     | Learned a level 8 spell: Necromutation
144268 | Geh:2    | Lost mutation: You are robust. (+10% HP) [a cacodemon]
145047 | Tomb:2   | Killed a greater mummy
146052 | Tomb:1   | Killed a greater mummy
146052 | Tomb:1   | Lost strength.
146056 | Tomb:1   | Killed a greater mummy
146353 | Tomb:2   | Killed Boris
147245 | Tomb:3   | Entered Level 3 of the Tomb of the Ancients
147398 | Tomb:3   | Got a glittering zirconium amulet
147403 | Tomb:3   | Identified the amulet "Teekeve" {Harm *Drain rF+} (You
                  | found it on level 3 of the Tomb of the Ancients)
147794 | Tomb:3   | Noticed a greater mummy
147794 | Tomb:3   | Noticed an ancient lich
147794 | Tomb:3   | Noticed a greater mummy
147795 | Tomb:3   | Noticed a greater mummy
147795 | Tomb:3   | Noticed an ancient lich
147833 | Tomb:3   | Noticed a greater mummy
147834 | Tomb:3   | Noticed a greater mummy
147841 | Tomb:3   | Killed an ancient lich
147845 | Tomb:3   | Killed a greater mummy
147851 | Tomb:3   | Killed an ancient lich
147851 | Tomb:3   | Reached skill level 15 in Transmutations
147860 | Tomb:3   | Killed a greater mummy
148198 | Tomb:2   | Banished a greater mummy
148327 | Tomb:3   | Noticed a greater mummy
148344 | Tomb:2   | Slain by a death scarab

Skill      XL: |  1  2  3  4  5  6  7  8  9 10 11 12 13 14 15 16 17 18 19 20 21 22 23 24 25 26 27 |
---------------+----------------------------------------------------------------------------------+-----
Hexes          | 4 5 6 8 9 10 11 13 14 16 18 19 | 19.0
Fighting       | 1 2 3 4 5 6 8 9 10 11 12 13 14 15 16 17 18 19 20 21 | 21.2
Short Blades   | 2 3 4 6 8 10 11 12 13 14 | 14.0
Dodging        | 4 5 6 7 8 10 11 13 15 16 17 18 19 22 24 25 26 | 26.0
Spellcasting   | 3 5 7 8 11 12 13 14 15 18 | 18.9
Stealth        | 7 9 10 13 16 17 18 20 22 23 24 | 24.1
Shields        | 3 6 7 |  7.2
Translocations | 6 7 10 14 16 | 16.5
Necromancy     | 2 3 4 8 12 | 12.0
Transmutations | 7 9 15 | 15.3
Slings         | 11 | 11.2
Summonings     | 6 11 | 11.9
Bows           | |  0.8

Action                   |  1- 3 |  4- 6 |  7- 9 | 10-12 | 13-15 | 16-18 | 19-21 | 22-24 | 25-27 || total
-------------------------+-------+-------+-------+-------+-------+-------+-------+-------+-------++-------
Melee: Dagger            |   151 |   324 |   587 |   329 |    20 |       |       |       |       ||  1411
       Short sword       |       |       |     5 |   859 |  1705 |       |       |       |       ||  2569
       Rapier            |       |       |       |       |   529 |  1595 |  2196 |  2222 |  2688 ||  9230
       Kick              |       |       |       |       |     4 |       |   831 |   136 |   219 ||  1190
       Headbutt          |       |       |       |       |       |   175 |    32 |       |       ||   207
 Fire: Hunting sling     |       |       |    34 |    60 |       |       |       |       |       ||    94
       Shortbow          |       |       |       |     8 |       |       |       |       |       ||     8
       Blowgun           |       |       |       |       |    56 |    18 |    18 |     6 |       ||    98
       Fustibalus        |       |       |       |       |       |       |       |   166 |       ||   166
Throw: Stone             |     2 |     4 |     4 |    14 |     3 |       |       |       |       ||    27
 Cast: Corona            |     1 |     2 |     1 |       |     4 |       |       |       |       ||     8
       Ensorcelled Hiber |    11 |    25 |     8 |    41 |    29 |     2 |       |       |       ||   116
       Confuse           |       |    21 |    29 |    89 |   158 |    89 |   137 |   274 |   186 ||   983
       Beastly Appendage |       |       |       |     1 |     1 |     1 |       |       |       ||     3
       Blink             |       |       |       |       |    33 |       |    38 |    21 |    11 ||   103
       Tukima's Dance    |       |       |       |       |    42 |    17 |    32 |    15 |     5 ||   111
       Invisibility      |       |       |       |       |       |    42 |    25 |     1 |    11 ||    79
       Regeneration      |       |       |       |       |       |     4 |    49 |   120 |    71 ||   244
       Force Lance       |       |       |       |       |       |     2 |     1 |       |       ||     3
       Discord           |       |       |       |       |       |       |     9 |    42 |    23 ||    74
       Silence           |       |       |       |       |       |       |     1 |     1 |    12 ||    14
       Alistair's Intoxi |       |       |       |       |       |       |       |     2 |       ||     2
       Stone Arrow       |       |       |       |       |       |       |       |     5 |       ||     5
       Death Channel     |       |       |       |       |       |       |       |    32 |    27 ||    59
       Malign Gateway    |       |       |       |       |       |       |       |       |    75 ||    75
       Summon Butterflie |       |       |       |       |       |       |       |       |     4 ||     4
       Summon Ice Beast  |       |       |       |       |       |       |       |       |     3 ||     3
       Summon Hydra      |       |       |       |       |       |       |       |       |     3 ||     3
       Necromutation     |       |       |       |       |       |       |       |       |    17 ||    17
       Controlled Blink  |       |       |       |       |       |       |       |       |     4 ||     4
Invok: Call Merchant     |       |       |       |     2 |     1 |       |     2 |     4 |     1 ||    10
       Potion Petition   |       |       |       |       |       |       |       |     2 |       ||     2
       Bribe Branch      |       |       |       |       |       |       |       |       |     3 ||     3
Evoke: Wand              |       |       |       |     4 |    16 |     2 |    39 |     9 |     1 ||    71
       Lamp of fire      |       |       |       |       |     2 |       |     1 |     1 |     1 ||     5
       Phantom mirror    |       |       |       |       |     1 |       |     1 |       |       ||     2
       Box of beasts     |       |       |       |       |       |       |     1 |       |       ||     1
  Use: Scroll            |     6 |     4 |     6 |     5 |    18 |     9 |    13 |    20 |    35 ||   116
       Potion            |       |       |       |     1 |     1 |     4 |     9 |     7 |    22 ||    44
 Stab: Sleeping          |    18 |    16 |    14 |    25 |    54 |    83 |    45 |    46 |    82 ||   383
       Distracted        |       |     1 |     4 |    14 |    15 |    31 |    33 |    52 |    38 ||   188
       Confused          |       |     6 |     9 |    29 |    66 |    54 |    62 |   149 |   106 ||   481
       Invisible         |       |       |       |       |       |    99 |    66 |     2 |    55 ||   222
       Paralysed         |       |       |       |       |       |       |       |       |     5 ||     5
  Eat: Ration            |       |     4 |     5 |    11 |    13 |    17 |    18 |    32 |    30 ||   130
Armor: Robe              |    12 |    13 |    17 |     8 |    23 |    28 |    24 |    54 |    74 ||   253
       Acid dragon scale |       |       |       |       |       |       |       |       |     2 ||     2
       Skin              |       |       |       |       |       |       |       |       |     5 ||     5
Dodge: Dodged            |   107 |   251 |   354 |   566 |   924 |   622 |  1061 |  1474 |  1684 ||  7043
       Deflected         |       |       |     1 |     2 |    17 |    31 |    45 |    34 |    25 ||   155
Block: Buckler           |       |       |       |   128 |   781 |   488 |   781 |   974 |  1154 ||  4306
       Reflection        |       |       |       |       |    19 |    67 |   116 |    58 |    19 ||   279
